 Dungeon Crawl Stone Soup version 0.18-a0-246-gbfa2ae1 (webtiles) character file.

2469215 Fishman the Grand Master (level 27, 252/252 HPs)
             Began as a Merfolk Transmuter on Nov 25, 2015.
             Was the Champion of Cheibriados.
             Escaped with the Orb
             ... and 4 runes!
             The game lasted 05:02:33 (68568 turns).

Fishman the Grand Master (Merfolk Transmuter)      Turns: 68568, Time: 05:02:34

Health: 252/252    AC: 16    Str: 40    XL:     27
Magic:  27/29      EV: 50    Int: 35    God:    Cheibriados [******]
Gold:   4981       SH:  0    Dex: 47    Spells: 7 memorised, 10 levels left

rFire  + + +     SeeInvis .       - Unarmed
rCold  + . .     Clarity  .     (armour currently unavailable)
rNeg   . . .     SustAt   .     (shield currently unavailable)
rPois  +         Gourm    .     (helmet currently unavailable)
rElec  +         Spirit   +     (cloak currently unavailable)
rCorr  +         Warding  .     (gloves currently unavailable)
rMut   .         Stasis   .     (boots currently unavailable)
MR     +++..                    O - amulet "Roummin" {Spirit rF++ Stlth+}
Stlth  +++.......               Z - ring of protection from cold
                                X - ring of Generosity {MR+ Dex+4}

@: mighty, brilliant, agile, dragon-form, phasing, resistant, flying, very
slightly contaminated, regenerating, invisible, very slow, extremely resistant
to hostile enchantments, fairly stealthy
A: (change form in water), (swift swim), (antennae 0), blurry vision 2, frail 3,
low mp 2, (shaggy fur 0), weak 1, MP-powered wands
a: End Transformation, Bend Time, Temporal Distortion, Slouch, Step From Time,
Renounce Religion, Breathe Fire
0: Orb of Zot
}: 4/15 runes: barnacled, slimy, silver, gossamer


You escaped.
You worshipped Cheibriados.
Cheibriados was exalted by your worship.
You were completely stuffed.
You were a fearsome dragon!
You visited 12 branches of the dungeon, and saw 63 of its levels.
You visited the Abyss 2 times.

You collected 9742 gold pieces.
You spent 4761 gold pieces at shops.

Inventory:

Armour
 c - a +2 cloak of poison resistance (melded)
 l - the +5 ring mail "Famoaroe" (melded) {Str+6}
   (You bought it in a shop on level 4 of the Orcish Mines)

   It affects your strength (+6).
 p - a +2 pair of gloves (melded)
 S - the +2 pair of boots "Soanifuw" (melded) {Regen+}
   (You found it on level 3 of the Realm of Zot)

   It increases your rate of regeneration.
Jewellery
 a - an uncursed ring of sustain attributes
 i - the amulet "Iteif" {Stasis +Fly Stlth+}
   (You found it on level 5 of the Vaults)

   [amulet of stasis]

   It prevents you from being teleported, slowed, hasted or paralysed.
   It lets you fly.
   It makes you more stealthy.
 n - an uncursed ring of positive energy
 u - an uncursed ring of protection from magic
 v - an uncursed ring of protection from fire
 K - an uncursed ring of positive energy
 L - an uncursed amulet of warding
 M - an uncursed amulet of clarity
 O - the amulet "Roummin" (around neck) {Spirit rF++ Stlth+}
   (You acquired it on level 3 of the Spider Nest)

   [amulet of guardian spirit]

   It causes incoming damage to be split between your health and magic.
   It greatly protects you from fire.
   It makes you more stealthy.
 P - an uncursed ring of see invisible
 Q - the ring of Symmetry {rC+ MP+9 Int+4}
   (You found it on level 6 of the Pits of Slime)

   [ring of protection from cold]

   It affects your intelligence (+4).
   It protects you from cold.
   It affects your magic capacity (+9).
 U - an uncursed ring of protection from fire
 W - an uncursed amulet of resist corrosion
 X - the ring of Generosity (left foreclaw) {MR+ Dex+4}
   (You found it on level 2 of the Depths)

   [ring of protection from magic]

   It affects your dexterity (+4).
   It affects your resistance to hostile enchantments.
 Z - a ring of protection from cold (right foreclaw)
Wands
 b - a wand of teleportation (8)
 s - a wand of digging (17)
 D - a wand of cold (9)
 H - a wand of invisibility (5)
 I - a wand of heal wounds (8)
 R - a wand of digging (24)
Scrolls
 e - 11 scrolls of fog
 f - 11 scrolls of magic mapping
 g - 6 scrolls of immolation
 j - 3 scrolls of identify
 m - a scroll of fear
 o - 3 scrolls of silence
 w - 12 scrolls of teleportation
 x - 9 scrolls of blinking
 y - 4 scrolls of torment
 z - a scroll of amnesia
 B - 2 scrolls of holy word
 F - 28 scrolls of remove curse
 N - 5 scrolls of summoning
 T - 3 scrolls of recharging
Potions
 k - 6 potions of cancellation
 r - 13 potions of agility
 t - 5 potions of heal wounds
 C - 12 potions of brilliance
 G - 4 potions of resistance
 J - 14 potions of curing
 V - 6 potions of might
 Y - 2 potions of invisibility
Miscellaneous
 q - a fan of gales
 A - a phial of floods
 E - a lamp of fire
Comestibles
 d - 27 bread rations


   Skills:
 + Level 24.6 Fighting
 - Level 8.0 Armour
 O Level 27 Dodging
 - Level 21.3 Stealth
 O Level 27 Unarmed Combat
 - Level 10.3 Spellcasting
 - Level 5.0 Charms
 - Level 14.5 Translocations
 - Level 20.2 Transmutations
 - Level 8.0 Earth Magic
 - Level 12.0 Invocations
 - Level 5.2 Evocations


You had 10 spell levels left.
You knew the following spells:

 Your Spells              Type           Power        Failure   Level  Hunger
a - Statue Form           Trmt/Erth      #######..    1%          6    ####...
b - Stoneskin             Trmt/Erth      #######.     0%          2    None
c - Phase Shift           Tloc           #######...   1%          5    ##.....
d - Regeneration          Chrm/Necr      ######....   1%          3    None
e - Irradiate             Conj/Trmt      #######...   1%          5    ##.....
f - Dragon Form           Trmt           ########..   1%          7    ######.
g - Controlled Blink      Tloc           N/A          5%          8    #######


Dungeon Overview and Level Annotations

Branches:
Dungeon (15/15)            Temple (1/1) D:4            Lair (8/8) D:8
 Shoals (4/4) Lair:3       Spider (4/4) Lair:5        Slime (6/6) Lair:7
    Orc (4/4) D:9             Elf (3/3) Orc:3        Vaults (5/5) D:13
  Crypt (3/3) Vaults:2       Tomb (0/3) Crypt:3      Depths (5/5) D:15
    Zot (5/5) Depths:5

Altars:
Ashenzari
Cheibriados
Dithmenos
Elyvilon
Fedhas
Gozag
Kikubaaqudgha
Makhleb
Nemelex Xobeh
Okawaru
Qazlal
Ru
Sif Muna
Trog
Vehumet
Xom
Yredelemnul
Zin
The Shining One
Beogh

Shops:
D:8 =(:   D:9 *   D:12 ?[*   D:13 *   Orc:1 (?!   Orc:3 [   Orc:4 [*(=
Elf:2 =   Shoals:2 *   Shoals:4 [   Vaults:1 *   Vaults:3 [   Vaults:5 (
Depths:1 *   Depths:3 }

Portals:
Hell: Depths:1 Depths:2 Depths:3 Depths:4 Depths:5
Abyss: Depths:4
Pandemonium: Depths:3
Ziggurat: Depths:1
Trove: D:15 (give 12 potions of heal wounds)


Innate Abilities, Weirdness & Mutations

((You revert to your normal form in water.))
((You are very nimble and swift while swimming.))
((You have a pair of small antennae on your head.))
Scrolls take you longer to read.
You are extremely frail (-30% HP).
Your magical capacity is very low (-20% MP).
((You are covered in fur (AC +1).))
You are weak. (Str -2)
You expend magic power (3 MP) to strengthen your wands.


Message History

You are very lightly contaminated with residual magic.
Casting: Statue Form
Confirm with . or Enter, or press ? or * to list all spells.
You turn into a fearsome dragon!
Your +2 cloak of poison resistance melds into your body.
Your +2 pair of gloves melds into your body.
The +2 pair of boots "Soanifuw" {Regen+} melds into your body.
The +5 ring mail "Famoaroe" {Str+6} melds into your body.
Casting: Dragon Form
Confirm with . or Enter, or press ? or * to list all spells.
You feel the strange sensation of being on two planes at once.
Unknown command.
Drink which item? (? for menu, Esc to quit)
Magic courses through your body.
Casting: Phase Shift
Confirm with . or Enter, or press ? or * to list all spells.
Your skin crawls.
Drink which item? (? for menu, Esc to quit)
Okay, then.
You have escaped!

.'............................>#
.##......#.####......#########.#
.##..#####..###.......# #.#
.###)# #............# #.# .# #.#
#....##'##...# #.# .#
#.#####....#..)#...# #.# ##
#....##..###.8.###.# #.#
#....##..#.......#.# #.#
#....##..#.8.D.8.#.# #.#
#....##..#.......#.# #.#
###..##..###.8.###.# #.#
###.##....#...#...# #.#
#####....#....##+##...# #.#
...##....#............# #.#
...##....#.#########..# #.#
...##......# #.## #.#
#####...#..# #.#########.#


There were no monsters in sight!

Vanquished Creatures
  the royal jelly (Slime:6)
  7 orbs of fire
  10 ancient liches
  A pandemonium lord (D:3)
  Sojobo (Vaults:4)
  Boris (Depths:3)
  An iron giant (Depths:3)
  Frederick (Crypt:3)
  Norris (Spider:2)
  Saint Roka (Orc:4)
  A caustic shrike (Depths:3)
  A curse toe (Zot:3)
  5 Killer Klowns
  10 golden dragons
  Nikola (Shoals:4)
  The ghost of nublet the Wrestler, an adept TrMo of Okawaru (Vaults:3)
  A bone dragon (Crypt:3)
  5 electric golems
  5 liches
  A Brimstone Fiend (Zot:5)
  14 tentacled monstrosities
  3 Ice Fiends
  4 deep elf blademasters
  26 Orb Guardians (Zot:5)
  A titan (Vaults:5)
  An Executioner (D:2)
  A kraken (Shoals:2)
  5 deep elf master archers (Elf:3)
  11 death cobs
  12 acid blobs
  2 tentacled starspawn (Abyss:1)
  An eldritch tentacle (Zot:5)
  7 sphinxes
  Agnes (Spider:2)
  4 ancient champions
  3 draconian monks
  8 shadow dragons
  A blood saint (D:11)
  8 tengu reavers
  A revenant (Crypt:3)
  17 storm dragons
  Ilsuiw (Shoals:4)
  Wiglaf (Depths:3)
  13 frost giants
  7 fire giants
  A chaos champion (D:11)
  6 azure jellies
  Donald (Spider:2)
  Maud (Lair:6)
  5 iron dragons
  9 draconian knights
  A balrug (D:11)
  Louise (Elf:3)
  20 vault wardens
  9 deep elf sorcerers
  7 emperor scorpions (Spider:4)
  7 draconian scorchers
  3 curse skulls
  An orc warlord (Orc:4)
  4 draconian zealots
  2 ghouls (Crypt:2)
  7 draconian shifters
  3 war gargoyles (Crypt:3)
  A spriggan defender (Depths:4)
  6 ghost moths
  3 reapers
  8 draconian annihilators
  19 ironheart preservers
  20 stone giants
  7 draconian callers
  4 vampire knights
  19 very ugly things
  8 green draconians
  5 deep elf demonologists
  18 black draconians
  6 deep elf annihilators
  13 white draconians
  23 spark wasps
  15 red draconians
  11 yellow draconians
  10 mottled draconians
  15 purple draconians
  15 ettins
  7 starcursed masses (Abyss:1)
  10 merfolk impalers
  Snorg (Lair:6)
  6 merfolk javelineers
  8 deep elf death magi
  32 vault guards
  16 fire dragons
  21 yaktaur captains
  3 deep elf high priests
  A green death (D:2)
  A blizzard demon (D:3)
  15 jiangshi
  8 rakshasas
  4 death oozes
  22 ice dragons
  Fannar (D:10)
  A naga warrior (Abyss:1)
  5 entropy weavers
  Harold (Orc:1)
  6 spriggan air magi
  14 great orbs of eyes
  A ghost crab (shapeshifter) (Vaults:5)
  A monstrous demonspawn (D:3)
  9 centaur warriors
  2 hell beasts
  7 hydras
  2 merfolk avatars (Shoals:4)
  3 catoblepae
  17 ogre magi
  2 alligator snapping turtles (Shoals:4)
  5 satyrs
  2 death knights
  8 merfolk aquamancers
  11 deep troll earth magi
  14 dancing weapons (Elf:2)
  11 vampire magi
  4 tengu warriors
  2 orc high priests
  37 death yaks
  A titan zombie (Crypt:3)
  9 deep troll shamans
  19 deep elf knights
  Nergalle (Orc:4)
  6 iron trolls
  9 spriggan berserkers
  2 thrashing horrors (Abyss:1)
  An iron troll (shapeshifter) (Vaults:5)
  2 titan skeletons
  A fire crab (Vaults:4)
  2 soul eaters
  3 wretched stars (Abyss:1)
  27 skeletal warriors
  5 flayed ghosts
  A ghost moth zombie (Crypt:1)
  7 hell knights
  A storm dragon skeleton (Depths:3)
  12 sea snakes
  2 spark wasp zombies
  9 necromancers
  6 giant orange brains
  A spatial maelstrom (Abyss:1)
  A gelid demonspawn (D:11)
  An anaconda zombie (Crypt:3)
  15 deep elf summoners
  9 phantasmal warriors
  A sea snake (shapeshifter) (Depths:3)
  2 unseen horrors
  An infernal demonspawn (D:3)
  4 shadow wraiths
  11 hill giants
  30 deep trolls
  A lindwurm (Lair:8)
  7 orc sorcerers
  19 orb spiders
  3 wizards
  16 ironbrand convokers
  A tengu zombie (Vaults:3)
  38 harpies
  7 deep elf conjurers
  23 wolf spiders
  11 cyclopes
  A lindwurm (shapeshifter) (Depths:3)
  2 manticores (shapeshifter)
  A stone giant zombie (Crypt:1)
  16 orc knights
  2 fire giant zombies
  7 large abominations
  4 sixfirhies
  4 shining eyes
  14 griffons
  41 ugly things
  A frost giant zombie (Crypt:3)
  32 moths of wrath
  12 water nymphs
  2 salamanders (shapeshifter)
  20 fauns
  7 hornets
  A sphinx skeleton (Vaults:3)
  4 black mambas
  An iron dragon skeleton (Crypt:1)
  12 elephants
  An octopode (shapeshifter) (Depths:3)
  A spiny frog (shapeshifter) (Vaults:4)
  A stone giant skeleton (Crypt:3)
  A dire elephant zombie (Crypt:3)
  9 fire giant skeletons (Crypt:3)
  2 torpor snails (Spider:3)
  2 guardian serpents (Abyss:1)
  21 manticores
  15 sirens
  5 gargoyles
  Psyche (D:9)
  An apocalypse crab (Abyss:1)
  13 vault sentinels
  2 naga magi
  A rust devil (Depths:3)
  3 human zombies
  2 hellions
  7 centaur skeletons
  A komodo dragon (shapeshifter) (Vaults:4)
  3 ice devils
  A dire elephant skeleton (Crypt:3)
  10 komodo dragons
  20 spiny frogs
  17 deep elf priests
  5 kobold demonologists
  A hellwing (Depths:5)
  18 demonic crawlers
  2 smoke demons
  A yaktaur (shapeshifter) (Vaults:3)
  A red devil (D:1)
  9 trolls
  A two-headed ogre (shapeshifter) (Vaults:1)
  10 fire drakes
  48 yaktaurs
  2 polar bears
  2 queen bees (shapeshifter)
  A polar bear (shapeshifter) (Vaults:4)
  A pale draconian skeleton (Crypt:2)
  2 jumping spiders (shapeshifter)
  96 slime creatures
  A wind drake (shapeshifter) (Vaults:4)
  4 freezing wraiths
  40 merfolk
  2 sphinx simulacra
  5 wind drakes
  Grinder (D:3)
  Prince Ribbit (D:8)
  A queen bee (D:10)
  5 boulder beetles
  21 jumping spiders
  A trapdoor spider zombie (D:12)
  2 hydra skeletons
  3 giant leeches (Lair:8)
  An ice dragon zombie (Crypt:3)
  A fire dragon zombie (Crypt:3)
  A griffon zombie (Crypt:1)
  A slime creature (shapeshifter) (Vaults:5)
  A wolf spider simulacrum (Vaults:1)
  2 ettin zombies (Crypt:3)
  16 snapping turtles
  2 stone giant simulacra
  29 two-headed ogres
  5 wraiths
  53 blink frogs
  2 redbacks (shapeshifter)
  10 air elementals
  6 shadows
  27 tarantellas
  19 trapdoor spiders
  A trapdoor spider (shapeshifter) (Vaults:5)
  41 redbacks
  17 deep elf fighters
  2 centaur simulacra
  13 vampire mosquitoes
  19 deep elf magi
  8 fire dragon skeletons
  5 wyverns
  A ynoxinul (D:6)
  A black mamba skeleton (Crypt:1)
  21 water elementals
  23 hippogriffs
  6 spriggans
  72 yaks
  A yak (shapeshifter) (Elf:1)
  A giant leech zombie (Crypt:1)
  2 tarantellas (shapeshifter)
  5 basilisks
  20 humans
  5 golden eyes
  A hill giant skeleton (Crypt:2)
  3 chaos spawn
  14 vampires
  2 neqoxecs
  6 hungry ghosts
  Menkaure (D:5)
  5 nagas
  4 spatial vortices (Abyss:1)
  6 wolves (Lair:4)
  8 porcupines
  A merfolk zombie (Crypt:1)
  A warg (shapeshifter) (Vaults:5)
  An insubstantial wisp (Abyss:1)
  A mottled dragon (Vaults:2)
  A spiny frog zombie (Crypt:1)
  2 human skeletons
  A warg (Orc:4)
  3 black bears (shapeshifter)
  69 ogres
  15 water moccasins
  2 soldier ants
  3 hell hounds
  3 phantoms
  5 sky beasts
  4 small abominations (Abyss:1)
  44 orc warriors
  2 soldier ants (shapeshifter)
  7 eyes of draining
  7 wasps
  2 ettin simulacra
  26 centaurs
  2 black bears (D:8)
  An ogre (shapeshifter) (Depths:3)
  11 ice beasts
  A manticore skeleton (Crypt:2)
  2 necrophages
  22 boggarts
  25 crocodiles
  An elf simulacrum (Vaults:5)
  11 big kobolds
  39 giant frogs
  Blork the orc (Orc:4)
  The ghost of DEFE the Ducker, an amateur SpFi of Gozag (D:3)
  A draconian skeleton (Crypt:2)
  A wyvern skeleton (D:9)
  A deep troll simulacrum (Vaults:5)
  A water moccasin zombie (D:5)
  7 earth elementals (Depths:2)
  4 scorpions
  2 water moccasin skeletons
  16 wights
  4 electric eels
  37 killer bees
  4 crimson imps
  5 iron imps
  A yak skeleton (Crypt:2)
  4 centaur zombies
  24 jellies
  A wolf skeleton (Crypt:2)
  A wasp zombie (D:8)
  Crazy Yiuf (D:5)
  3 giant frog skeletons
  35 orc wizards
  9 hounds
  40 orc priests
  2 quasits
  12 iguanas
  11 worker ants
  65 sheep
  An ogre skeleton (Crypt:1)
  2 hound skeletons
  3 worker ant zombies
  Robin (D:2)
  8 gnolls
  58 river rats
  9 adders
  2 white imps
  An ooze (D:6)
  An adder zombie (Crypt:1)
  A lava snake skeleton (Crypt:2)
  2 worms (D:3)
  4 giant geckos
  190 orcs
  2 ball pythons
  4 bats
  13 goblins
  9 hobgoblins
  21 jackals
  4 quokkas
  A ball python skeleton (Crypt:1)
  A ball python zombie (D:5)
  3 giant cockroaches
  A giant gecko skeleton (D:7)
  3 giant newts
  A gnoll skeleton (Crypt:2)
  A jackal skeleton (D:3)
  29 kobolds
  2 quokka skeletons (D:4)
  10 rats
  A rat (shapeshifter) (Depths:5)
  A crawling corpse (Vaults:5)
  2 plants
  A tentacle (Shoals:2)
3275 creatures vanquished.

Vanquished Creatures (collateral kills)
  Erolcha (D:8)
  A centaur warrior (D:13)
  Maurice (D:8)
  A yak (D:9)
  2 wights (D:10)
  A scorpion (D:10)
  A jelly (D:10)
  An adder (D:2)
  A shadow imp (D:9)
  An orc (D:8)
  A ball python (D:2)
  A jackal (D:1)
  A giant newt (D:1)
  2 kobolds
16 creatures vanquished.

Vanquished Creatures (others)
  A monstrous demonspawn (D:3)
  A yaktaur (Depths:5)
  A troll (D:11)
  A two-headed ogre (Vaults:5)
  An air elemental (Depths:5)
  A human (D:11)
  A deep elf fighter (Elf:3)
  A vampire mosquito (Vaults:3)
  A chaos spawn (D:3)
  A boggart (Depths:1)
  4 orcs
  A kobold (D:12)
  A block of ice (D:3)
  9 eldritch tentacle segments (Zot:5)
  24 fungi
  7 lost souls
  122 plants
  2 starspawn tentacles (Abyss:1)
  4 tentacles (Shoals:2)
  66 tentacle segments (Shoals:2)
250 creatures vanquished.

Grand Total: 3541 creatures vanquished

Notes
Turn   | Place    | Note
--------------------------------------------------------------
     0 | D:1      | Fishman the Merfolk Transmuter began the quest for the Orb.
     0 | D:1      | Reached XP level 1. HP: 15/15 MP: 3/3
   317 | D:1      | Reached XP level 2. HP: 20/22 MP: 3/5
   321 | D:1      | Learned a level 2 spell: Sticks to Snakes
  1328 | D:1      | Reached XP level 3. HP: 29/29 MP: 4/6
  1333 | D:1      | Learned a level 3 spell: Spider Form
  1615 | D:2      | Found a sparkling altar of Nemelex Xobeh.
  1931 | D:2      | Reached skill level 4 in Transmutations
  2193 | D:3      | Noticed Robin
  2196 | D:3      | Reached XP level 4. HP: 32/35 MP: 3/7
  2204 | D:2      | Killed Robin
  2464 | D:3      | Found a stormy altar of Qazlal.
  2664 | D:3      | Noticed DEFE's ghost (amateur SpFi)
  2697 | D:3      | Gained mutation: You are partially covered in rugged brown scales (AC +1, +3% HP). [potion of mutation]
  2697 | D:3      | Gained mutation: You are agile. (Dex +2) [potion of mutation]
  2697 | D:3      | Gained mutation: You are partially covered in yellow scales (AC +2). [potion of mutation]
  2707 | D:3      | Killed DEFE's ghost
  2707 | D:3      | Reached skill level 6 in Transmutations
  2707 | D:3      | Reached XP level 5. HP: 14/42 MP: 3/8
  2917 | D:3      | Found a faded altar to an unknown god.
  2942 | D:3      | Noticed Grinder
  3165 | D:3      | Reached XP level 6. HP: 38/48 MP: 7/9
  3335 | D:3      | Paralysed by Grinder for 7 turns
  3350 | D:3      | Killed Grinder
  3350 | D:3      | Reached skill level 5 in Unarmed Combat
  3521 | D:3      | Found a shimmering altar of Xom.
  3751 | D:4      | Found a staircase to the Ecumenical Temple.
  3764 | Temple   | Entered the Ecumenical Temple
  3906 | D:4      | Found a blossoming altar of Fedhas.
  3911 | D:4      | Reached XP level 7. HP: 53/53 MP: 6/10
  4157 | D:4      | Reached skill level 7 in Unarmed Combat
  4237 | D:4      | Reached skill level 8 in Unarmed Combat
  4398 | D:5      | Entered Level 5 of the Dungeon
  4495 | D:5      | Noticed Menkaure
  4503 | D:5      | Killed Menkaure
  4503 | D:5      | Reached XP level 8. HP: 59/59 MP: 7/11
  4696 | D:5      | Reached skill level 5 in Dodging
  5094 | D:5      | Noticed Crazy Yiuf
  5100 | D:5      | Killed Crazy Yiuf
  5425 | Temple   | Became a worshipper of Cheibriados the Contemplative
  5527 | D:6      | Reached skill level 1 in Invocations
  5851 | D:6      | Reached skill level 9 in Dodging
  5851 | D:6      | Reached XP level 9. HP: 64/64 MP: 5/12
  6076 | D:6      | Reached skill level 10 in Dodging
  6102 | D:6      | Found a shadowy altar of Dithmenos.
  6571 | D:7      | Reached * piety under Cheibriados
  6825 | D:7      | Reached skill level 5 in Fighting
  7223 | D:8      | Found a burning altar of Makhleb.
  7284 | D:8      | Found Wemaotud's Jewellery Shop.
  7374 | D:8      | Noticed Prince Ribbit
  7377 | D:8      | Found Bonaun's Book Boutique.
  7391 | D:8      | Reached ** piety under Cheibriados
  7408 | D:8      | Killed Prince Ribbit
  7472 | D:8      | Reached XP level 10. HP: 79/84 MP: 7/13
  7478 | D:8      | Learned a level 4 spell: Ice Form
  7537 | D:8      | Found Riloiq's Weapon Shop.
  7605 | D:8      | Found a staircase to the Lair.
  7628 | D:8      | Learned a level 5 spell: Blade Hands
  7663 | D:8      | Found a radiant altar of Vehumet.
  7665 | D:8      | Found a deep blue altar of Sif Muna.
  7665 | D:8      | Found an ancient bone altar of Kikubaaqudgha.
  7670 | D:8      | Identified Vehumet's Catalogue of Combat Magic
  7677 | D:8      | Identified Sif Muna's Handbook of Displacement
  7686 | D:8      | Identified Kikubaaqudgha's Disquisition on Evil
  7732 | D:8      | Found a white marble altar of Elyvilon.
  7732 | D:8      | Found an opulent altar of Gozag.
  7782 | D:8      | Noticed Maurice
  7783 | D:8      | Noticed Erolcha
  7797 | D:8      | Killed Maurice
  7818 | D:8      | Killed Erolcha
  7979 | D:8      | Found an iron altar of Okawaru.
  7980 | D:8      | Found a bloodstained altar of Trog.
  8118 | D:9      | Reached *** piety under Cheibriados
  8159 | D:9      | Found Wodoitu's Assorted Antiques.
  8172 | D:9      | Bought a scroll of teleportation for 81 gold pieces
  8235 | D:9      | Reached skill level 1 in Stealth
  8235 | D:9      | Reached skill level 10 in Transmutations
  8241 | D:9      | Noticed Psyche
  8353 | D:9      | Killed Psyche
  8437 | D:9      | Found a staircase to the Orcish Mines.
  8465 | D:9      | Reached skill level 5 in Stealth
  8535 | D:9      | Reached XP level 11. HP: 82/89 MP: 11/17
  8547 | D:9      | Reached **** piety under Cheibriados
  8576 | D:9      | Found a roughly hewn altar of Beogh.
  9183 | D:10     | Entered Level 10 of the Dungeon
  9715 | D:10     | Reached skill level 10 in Unarmed Combat
  9922 | D:10     | Reached ***** piety under Cheibriados
 10059 | D:10     | Noticed Fannar
 10090 | D:10     | Killed Fannar
 10090 | D:10     | Reached skill level 10 in Fighting
 10466 | D:10     | Identified a scroll of acquirement
 10506 | D:10     | Learned a level 6 spell: Hydra Form
 10895 | D:11     | Noticed a hill giant
 10905 | D:11     | Killed a hill giant
 10956 | D:11     | Noticed a death yak
 10958 | D:11     | Noticed a death yak
 10958 | D:11     | Noticed a death yak
 10959 | D:11     | Noticed a death yak
 11056 | D:11     | Reached skill level 5 in Spellcasting
 11153 | D:11     | Noticed a death yak
 11155 | D:11     | Noticed a death yak
 11163 | D:11     | Killed a death yak
 11163 | D:11     | Reached skill level 11 in Transmutations
 11163 | D:11     | Reached XP level 12. HP: 101/101 MP: 13/20
 11172 | D:11     | Killed a death yak
 11177 | D:11     | Killed a death yak
 11183 | D:11     | Killed a death yak
 11194 | D:11     | Reached skill level 12 in Transmutations
 11220 | D:11     | Noticed a death yak
 11221 | D:11     | Noticed a death yak
 11243 | D:11     | Noticed a death yak
 11254 | D:11     | Killed a death yak
 11257 | D:11     | Killed a death yak
 11261 | D:11     | Killed a death yak
 11264 | D:11     | Killed a death yak
 11272 | D:11     | Killed a death yak
 11272 | D:11     | Reached skill level 13 in Transmutations
 11363 | D:11     | Learned a level 6 spell: Statue Form
 11366 | D:11     | Learned a level 2 spell: Stoneskin
 11724 | D:12     | Reached skill level 1 in Earth Magic
 11811 | D:12     | Found Nus Ogru's Armour Shop.
 11963 | D:12     | Reached ****** piety under Cheibriados
 12007 | D:12     | Found Lagysk's Magic Scroll Boutique.
 12013 | D:12     | Bought a scroll of fog for 30 gold pieces
 12013 | D:12     | Bought a scroll of teleportation for 45 gold pieces
 12013 | D:12     | Bought a scroll of teleportation for 45 gold pieces
 12176 | D:12     | Reached XP level 13. HP: 107/107 MP: 19/25
 12187 | D:12     | Found Zaibeiraf's Assorted Antiques.
 12203 | D:12     | Bought a scroll labeled TOPETZAEWO for 18 gold pieces
 12203 | D:12     | Bought a bubbling green potion for 16 gold pieces
 12203 | D:12     | Bought a blue potion for 16 gold pieces
 12472 | D:12     | Reached skill level 14 in Transmutations
 12811 | D:13     | Reached skill level 5 in Earth Magic
 12830 | D:13     | Found a gate to the Vaults.
 12830 | D:13     | Noticed a vault guard
 12830 | D:13     | Noticed a vault guard
 12840 | D:13     | Killed a vault guard
 12847 | D:13     | Killed a vault guard
 12966 | D:13     | Found Yxkajebut's Serpentskin Sales.
 13909 | D:14     | Found a white marble altar of Elyvilon.
 14036 | D:14     | Reached skill level 15 in Transmutations
 14337 | D:14     | Learned a level 4 spell: Alistair's Intoxication
 14500 | D:14     | Gained mutation: Your mind is acute. (Int +2) [potion of beneficial mutation]
 14514 | D:15     | Entered Level 15 of the Dungeon
 14687 | D:15     | Got a faintly glowing leather armour
 14759 | D:15     | Reached XP level 14. HP: 114/114 MP: 19/26
 14935 | D:15     | Found a staircase to the Depths.
 15242 | D:15     | Found a portal to a secret trove of treasure.
 15833 | Lair:1   | Entered Level 1 of the Lair of Beasts
 16080 | Lair:1   | Identified the +1 leather armour "Kedeabach" {-Tele rN+ rCorr} (You found it on level 15 of the Dungeon)
 16234 | Lair:1   | Found a frozen archway.
 17497 | Lair:3   | Reached skill level 15 in Fighting
 17790 | Lair:3   | Found a radiant altar of Vehumet.
 17914 | Lair:3   | Reached XP level 15. HP: 132/132 MP: 20/27
 17945 | Lair:3   | Found a staircase to the Shoals.
 19061 | Lair:5   | Gained mutation: You have a pair of small antennae on your head. [potion of beneficial mutation]
 19150 | Lair:5   | Identified the Reference Book on Moulding and Stones (You acquired it on level 5 of the Lair of Beasts)
 19271 | D:8      | Bought Sif Muna's Handbook of the Shifting Birds for 704 gold pieces
 19277 | D:8      | Learned a level 5 spell: Yara's Violent Unravelling
 19814 | D:15     | Learned a level 5 spell: Irradiate
 20027 | Orc:1    | Entered Level 1 of the Orcish Mines
 20027 | Orc:1    | Found Zottufo's Antique Weapon Shop.
 20128 | Orc:1    | Found Ganiudd's Magic Scroll Emporium.
 20151 | Orc:1    | Bought a scroll of teleportation for 45 gold pieces
 20516 | Orc:3    | Found a roughly hewn altar of Beogh.
 20947 | Orc:3    | Found a staircase to the Elven Halls.
 20961 | Orc:3    | Found Kealotoc's Antique Armour Shop.
 21016 | Orc:4    | Entered Level 4 of the Orcish Mines
 21031 | Orc:3    | Bought a glowing scale mail for 108 gold pieces
 21217 | Orc:4    | Reached skill level 1 in Armour
 21224 | Orc:4    | Noticed Nergalle
 21227 | Orc:4    | Noticed Saint Roka
 21234 | Orc:4    | Noticed Blork the orc
 21235 | Orc:4    | Killed Nergalle
 21235 | Orc:4    | Paralysed by an orc sorcerer for 2 turns
 21363 | Orc:4    | Killed Saint Roka
 21369 | Orc:4    | Killed Blork the orc
 21380 | Orc:4    | Found a roughly hewn altar of Beogh.
 21494 | Orc:4    | Found Fymmyen's General Store.
 21515 | Orc:4    | Bought a scroll of teleportation for 45 gold pieces
 21531 | Orc:4    | Found Doucrud's Antique Armour Boutique.
 21537 | Orc:4    | Bought a heavily runed ring mail for 225 gold pieces
 21537 | Orc:4    | Bought a pair of glowing boots for 112 gold pieces
 21552 | Orc:4    | Identified the +5 ring mail "Famoaroe" {Str+6} (You bought it in a shop on level 4 of the Orcish Mines)
 21740 | Orc:4    | Reached skill level 5 in Armour
 21820 | Orc:4    | Found Rizeesty's Jewellery Boutique.
 21839 | Orc:4    | Found Xiacomiu's Antique Weapon Boutique.
 21864 | Orc:4    | Gained mutation: Scrolls take you a little longer to read. [you]
 21875 | Orc:4    | Lost mutation: You are agile. (Dex +2) [potion of cure mutation]
 21875 | Orc:4    | Lost mutation: Scrolls take you a little longer to read. [potion of cure mutation]
 21875 | Orc:4    | Lost mutation: Your mind is acute. (Int +2) [potion of cure mutation]
 21875 | Orc:4    | Lost mutation: You are partially covered in rugged brown scales (AC +1, +3% HP). [potion of cure mutation]
 21875 | Orc:4    | Lost mutation: You are partially covered in yellow scales (AC +2). [potion of cure mutation]
 21947 | Orc:4    | Found a roughly hewn altar of Beogh.
 22295 | Orc:1    | Found Losuir's Distillery.
 22337 | Orc:1    | Bought 2 potions of magic for 256 gold pieces
 22337 | Orc:1    | Bought a potion of might for 64 gold pieces
 22337 | Orc:1    | Bought a potion of agility for 64 gold pieces
 22627 | Orc:2    | Gained mutation: Your magical capacity is low (-10% MP). [a neqoxec]
 22902 | Orc:1    | Noticed Harold
 22911 | Orc:1    | Killed Harold
 23347 | Lair:6   | Reached XP level 16. HP: 137/137 MP: 19/25
 24040 | Lair:6   | Noticed Maud
 24052 | Lair:6   | Killed Maud
 24081 | Lair:6   | Noticed Snorg
 24086 | Lair:6   | Killed Snorg
 24759 | Lair:7   | Found a staircase to the Slime Pits.
 25086 | Lair:8   | Entered Level 8 of the Lair of Beasts
 25527 | Lair:8   | Reached skill level 15 in Dodging
 25561 | Lair:8   | Reached XP level 17. HP: 143/143 MP: 26/26
 25761 | Lair:8   | Found an iron altar of Okawaru.
 26523 | Lair:5   | Reached skill level 16 in Dodging
 26557 | Lair:5   | Found a hole to the Spider Nest.
 27079 | Spider:1 | Entered Level 1 of the Spider Nest
 28397 | Spider:2 | Noticed Donald
 28409 | Spider:2 | Killed Donald
 28459 | Spider:2 | Noticed Norris
 28475 | Spider:2 | Killed Norris
 28475 | Spider:2 | Reached skill level 10 in Spellcasting
 28795 | Spider:2 | Noticed Agnes
 28826 | Spider:2 | Killed Agnes
 29277 | Spider:3 | Reached XP level 18. HP: 151/151 MP: 25/29
 29374 | Spider:3 | Got a crude zirconium amulet
 29376 | Spider:3 | Identified the amulet "Roummin" {Spirit rF++ Stlth+} (You acquired it on level 3 of the Spider Nest)
 29598 | Spider:4 | Entered Level 4 of the Spider Nest
 29868 | Spider:4 | Reached skill level 15 in Unarmed Combat
 30125 | Spider:4 | Reached skill level 1 in Evocations
 31143 | Spider:4 | Got a gossamer rune of Zot
 31442 | D:8      | Bought a book of Battle for 440 gold pieces
 31446 | D:8      | Learned a level 3 spell: Regeneration
 31536 | Orc:3    | Learned a level 7 spell: Dragon Form
 31638 | Orc:4    | Bought an uncursed ring of see invisible for 225 gold pieces
 31855 | Shoals:1 | Entered Level 1 of the Shoals
 31873 | Shoals:1 | Reached skill level 5 in Evocations
 32057 | Shoals:1 | Reached skill level 1 in Charms
 32268 | Shoals:1 | Cast into the Abyss (merfolk impaler)
 32320 | Abyss:1  | Reached skill level 5 in Charms
 32455 | Abyss:1  | Reached XP level 19. HP: 157/157 MP: 30/30
 32548 | Abyss:1  | Reached skill level 17 in Unarmed Combat
 32578 | Abyss:1  | Found a deep blue altar of Sif Muna.
 32894 | Shoals:1 | Escaped the Abyss
 32919 | Shoals:1 | Found a bloodstained altar of Trog.
 33035 | Shoals:1 | Found a glowing silver altar of Zin.
 33340 | Shoals:2 | Found Umpeiveast's General Store.
 33365 | Shoals:2 | Bought a scroll of blinking for 135 gold pieces
 33537 | Shoals:2 | Reached skill level 18 in Unarmed Combat
 34717 | Shoals:3 | Reached skill level 19 in Unarmed Combat
 35028 | Shoals:4 | Entered Level 4 of the Shoals
 35238 | Shoals:4 | Cast into the Abyss (merfolk javelineer)
 35280 | Shoals:4 | Escaped the Abyss
 35332 | Shoals:4 | Noticed Ilsuiw
 35441 | Shoals:4 | Killed Ilsuiw
 35963 | Shoals:4 | Reached skill level 20 in Unarmed Combat
 35963 | Shoals:4 | Reached XP level 20. HP: 164/164 MP: 30/30
 36126 | Shoals:4 | Noticed Nikola
 36133 | Shoals:4 | Killed Nikola
 36230 | Shoals:4 | Found Daaloerr's Armour Shop.
 36362 | Shoals:4 | Got a barnacled rune of Zot
 36744 | Shoals:3 | Reached skill level 21 in Unarmed Combat
 37132 | Depths:1 | Entered Level 1 of the Depths
 37135 | Depths:1 | Paralysed by a sphinx for 5 turns
 37240 | Depths:1 | Reached skill level 5 in Invocations
 37342 | Depths:1 | Found a gateway to Hell.
 37342 | Depths:1 | Noticed a lich
 37352 | Depths:1 | Killed a lich
 37367 | Depths:1 | Found a gateway to a ziggurat.
 37644 | Depths:1 | Found Faot's Assorted Antiques.
 37652 | Depths:1 | Bought a crude scale mail for 315 gold pieces
 37653 | Depths:1 | Identified the +5 scale mail of Negligence {rC+ MR+ Dex-2 Slay+5} (You bought it in a shop on level 1 of the Depths)
 38699 | Depths:2 | You fall through a shaft!
 38715 | Depths:3 | Found Vavim's Gadget Shoppe.
 38748 | Depths:3 | Noticed Boris
 38754 | Depths:3 | Killed Boris
 38942 | Depths:3 | Reached XP level 21. HP: 145/170 MP: 31/31
 38953 | Depths:3 | Noticed Wiglaf
 38962 | Depths:3 | Killed Wiglaf
 38975 | Depths:3 | Noticed an iron giant
 38978 | Depths:3 | Noticed a caustic shrike
 38996 | Depths:3 | Killed a caustic shrike
 39510 | Depths:2 | Reached skill level 10 in Invocations
 39535 | Depths:2 | Got a fine jade ring
 39984 | Depths:1 | Learned a level 9 spell: Tornado
 40065 | Depths:3 | Killed an iron giant
 40829 | Depths:3 | Found a one-way gate leading to the halls of Pandemonium.
 41091 | Depths:4 | Reached XP level 22. HP: 170/177 MP: 32/32
 41712 | Depths:4 | Found a one-way gate to the infinite horrors of the Abyss.
 42351 | Depths:5 | Entered Level 5 of the Depths
 42416 | Depths:5 | Paralysed by the power of Zot for 4 turns
 42428 | Depths:5 | Reached skill level 10 in Stealth
 42801 | Depths:5 | Reached skill level 22 in Dodging
 42885 | Depths:5 | Identified the ring of Generosity {MR+ Dex+4} (You found it on level 2 of the Depths)
 43374 | Depths:5 | Found an iron altar of Okawaru.
 43518 | Depths:5 | Reached XP level 23. HP: 184/184 MP: 26/33
 43604 | Depths:5 | Found a gate to the Realm of Zot.
 44377 | Shoals:2 | Bought a book of Dreams for 1350 gold pieces
 44383 | Shoals:2 | Learned a level 5 spell: Phase Shift
 44628 | Vaults:1 | Entered Level 1 of the Vaults
 44681 | Vaults:1 | Reached skill level 1 in Translocations
 44720 | Vaults:1 | Found Jaunoud's Assorted Antiques.
 44750 | Vaults:1 | Bought a scroll of teleportation for 102 gold pieces
 45009 | Vaults:1 | Paralysed by a wizard for 6 turns
 45470 | Vaults:1 | Reached skill level 5 in Translocations
 46088 | Vaults:2 | Found a staircase to the Crypt.
 46807 | Vaults:3 | Noticed nublet's ghost (adept TrMo)
 46826 | Vaults:3 | Killed nublet's ghost
 47086 | Vaults:3 | Reached XP level 24. HP: 195/195 MP: 28/33
 47354 | Vaults:3 | Found Doal's Armour Emporium.
 47596 | Vaults:3 | Reached skill level 10 in Translocations
 48234 | Vaults:4 | Noticed Sojobo
 48266 | Vaults:4 | Killed Sojobo
 49515 | Elf:1    | Entered Level 1 of the Elven Halls
 49780 | Elf:1    | Identified the Papyrus of the Entourage
 50449 | Elf:2    | Found Nuityme's Jewellery Shop.
 50458 | Elf:2    | Bought an uncursed amulet of resist corrosion for 320 gold pieces
 50755 | Elf:2    | Found a runed gate.
 50755 | Elf:2    | Found a runed gate.
 50755 | Elf:2    | Found a runed gate.
 50837 | Elf:2    | Reached XP level 25. HP: 212/212 MP: 29/33
 51140 | Elf:3    | Entered Level 3 of the Elven Halls
 51470 | Elf:3    | Noticed Louise
 51478 | Elf:3    | Killed Louise
 52069 | Elf:3    | Got an ancient ivory amulet
 52070 | Elf:3    | Identified the amulet "Vaulorph" {Faith rN+++ MR- Int-2 Stlth+} (You found it on level 3 of the Elven Halls)
 52075 | Elf:3    | Got a smoking jade ring
 52076 | Elf:3    | Identified the ring "Eboil" {Fire Dex+6} (You found it on level 3 of the Elven Halls)
 52172 | Elf:3    | Identified the Almanac of Arcane Weapons (You found it on level 3 of the Elven Halls)
 52620 | Crypt:1  | Entered Level 1 of the Crypt
 53641 | Crypt:2  | Found an ancient bone altar of Kikubaaqudgha.
 54076 | Crypt:3  | Entered Level 3 of the Crypt
 54414 | Crypt:3  | Reached XP level 26. HP: 222/222 MP: 19/33
 54694 | Crypt:3  | Found a staircase to the Tomb.
 54806 | Crypt:3  | Noticed an ancient lich
 54811 | Crypt:3  | Killed an ancient lich
 54892 | Crypt:3  | Noticed Frederick
 54902 | Crypt:3  | Killed Frederick
 54977 | Crypt:3  | Reached skill level 23 in Dodging
 55142 | Crypt:3  | Found an ancient bone altar of Kikubaaqudgha.
 55149 | Crypt:3  | Noticed an ancient lich
 55152 | Crypt:3  | Killed an ancient lich
 55152 | Crypt:3  | Reached skill level 15 in Stealth
 55908 | Lair:8   | Learned a level 8 spell: Controlled Blink
 56407 | Vaults:5 | Entered Level 5 of the Vaults
 56986 | Vaults:5 | Found Bupni's Weapon Boutique.
 57002 | Vaults:5 | Reached XP level 27. HP: 230/230 MP: 27/33
 57253 | Vaults:5 | Got a scorched bone amulet
 57254 | Vaults:5 | Identified the amulet "Qoufaesk" {rMut rF- rC++ Int+5} (You found it on level 5 of the Vaults)
 57274 | Vaults:5 | Got a steaming ruby amulet
 57275 | Vaults:5 | Identified the amulet "Iteif" {Stasis +Fly Stlth+} (You found it on level 5 of the Vaults)
 57302 | Vaults:5 | Learned a level 8 spell: Necromutation
 57309 | Vaults:5 | Identified the Guide on Displacement (You found it on level 5 of the Vaults)
 57346 | Vaults:5 | Identified the Incunabulum of Damaging Ignition (You found it on level 5 of the Vaults)
 57613 | Vaults:5 | Identified Voudih Majel's Volume of Nocuous Arcane Weapons
 57621 | Vaults:5 | Got a fine pewter ring
 57627 | Vaults:5 | Identified the ring "Foippaipn" {*Corrode rN+ Int+3 Stlth+} (You found it on level 5 of the Vaults)
 57656 | Vaults:5 | Got a silver rune of Zot
 58575 | Zot:1    | Entered Level 1 of the Realm of Zot
 62052 | Zot:3    | Got a faintly humming ring mail
 62053 | Zot:3    | Identified the +3 ring mail of Generosity {*Drain Int+3 Slay+3} (You found it on level 3 of the Realm of Zot)
 62165 | Zot:3    | Got a pair of faintly humming boots
 62176 | Zot:3    | Identified the +2 pair of boots "Soanifuw" {Regen+} (You found it on level 3 of the Realm of Zot)
 62279 | Zot:3    | Noticed an ancient lich
 62285 | Zot:3    | Killed an ancient lich
 62491 | Zot:3    | Reached skill level 24 in Unarmed Combat
 63019 | Zot:4    | Noticed an orb of fire
 63032 | Zot:4    | Gained mutation: You are covered in fur (AC +1). [an orb of fire]
 63256 | Zot:4    | Gained mutation: Your magical capacity is very low (-20% MP). [an orb of fire]
 63270 | Zot:4    | Killed an orb of fire
 63668 | Zot:4    | Reached skill level 25 in Unarmed Combat
 64164 | Zot:5    | Entered Level 5 of the Realm of Zot
 64544 | Zot:5    | Noticed an ancient lich
 64549 | Zot:5    | Killed an ancient lich
 64549 | Zot:5    | Reached skill level 26 in Unarmed Combat
 64585 | Zot:5    | Noticed an ancient lich
 64587 | Zot:5    | Killed an ancient lich
 64631 | Zot:5    | Noticed an ancient lich
 64636 | Zot:5    | Noticed an orb of fire
 64639 | Zot:5    | Noticed an ancient lich
 64640 | Zot:5    | Killed an ancient lich
 64647 | Zot:5    | Killed an orb of fire
 64650 | Zot:5    | Killed an ancient lich
 64650 | Zot:5    | Reached skill level 27 in Unarmed Combat
 64716 | Zot:5    | Noticed an orb of fire
 64721 | Zot:5    | Killed an orb of fire
 64748 | Zot:5    | Noticed an orb of fire
 64759 | Zot:5    | Gained mutation: You are frail (-10% HP). [an orb of fire]
 64761 | Zot:5    | Killed an orb of fire
 64855 | Zot:5    | Noticed an ancient lich
 64857 | Zot:5    | Noticed an orb of fire
 64859 | Zot:5    | Noticed an orb of fire
 64866 | Zot:5    | Killed an orb of fire
 64871 | Zot:5    | Noticed an ancient lich
 64872 | Zot:5    | Killed an orb of fire
 64878 | Zot:5    | Killed an ancient lich
 64886 | Zot:5    | Killed an ancient lich
 64916 | Zot:5    | Noticed an ancient lich
 64926 | Zot:5    | Killed an ancient lich
 65140 | Zot:5    | Noticed an orb of fire
 65144 | Zot:5    | Gained mutation: You are weak. (Str -2) [an orb of fire]
 65147 | Zot:5    | Gained mutation: You are very frail (-20% HP). [an orb of fire]
 65149 | Zot:5    | Killed an orb of fire
 65149 | Zot:5    | Reached skill level 27 in Dodging
 65854 | Slime:1  | Entered Level 1 of the Pits of Slime
 66068 | Slime:5  | Gained mutation: Scrolls take you a little longer to read. [a shining eye]
 66107 | Slime:6  | Entered Level 6 of the Pits of Slime
 66143 | Slime:6  | Gained mutation: You are extremely frail (-30% HP). [a shining eye]
 66160 | Slime:6  | Noticed the royal jelly
 66181 | Slime:6  | Killed the royal jelly
 66213 | Slime:6  | Gained mutation: Scrolls take you longer to read. [a shining eye]
 66216 | Slime:6  | Gained mutation: You expend magic power (3 MP) to strengthen your wands. [a shining eye]
 66309 | Slime:6  | Got a slimy rune of Zot
 66416 | Slime:6  | Paralysed by a great orb of eyes for 2 turns
 66458 | Slime:6  | Got a faintly glowing golden ring
 66465 | Slime:6  | Identified the ring of Symmetry {rC+ MP+9 Int+4} (You found it on level 6 of the Pits of Slime)
 66471 | Slime:6  | Identified The Hermit's Heritage Continued (You found it on level 6 of the Pits of Slime)
 67606 | Zot:5    | Got the Orb of Zot
 68247 | D:3      | Noticed Jyvilol the pandemonium lord
 68449 | D:3      | Killed Jyvilol the pandemonium lord
 68490 | D:2      | Noticed Egeer the pandemonium lord
 68568 | D:$      | Escaped with the Orb!

Vault maps used:
D:1:      dpeg_arrival_simpleton_c
D:2:      nemelex_deck
D:3:      nicolae_overflow_hidden_temple, nicolae_qazlal_eye_of_the_storm,
          ecumenical_altar_2, uniq_grinder, uniq_robin
D:4:      wad_river_or_something, temple_fountains, first_bread,
          fedhas_altar_fruit_tree
D:5:      grunt_ministairs_2, uniq_menkaure, uniq_crazy_yiuf_cottage
D:6:      grunt_dithmenos_smoke
D:7:      the_bakery
D:8:      grunt_temple_overflow_magic_moments, grunt_temple_overflow_bloody_war,
          demons_altar, gammafunk_temple_overflow_statue, david_lair_shrubbed,
          serial_shops, nicolae_shop_crystal, nicolae_shop_waterfront, shop,
          uniq_prince_ribbit1, uniq_erolcha, uniq_maurice
D:9:      minmay_orc_entry_temple_small, serial_shops,
          nicolae_shop_window_shopping, uniq_psyche
D:10:     special_room, uniq_fannar
D:11:     slaughterhouse
D:12:     serial_shops, shop, shop_fountains, kennysheep_mini_moat
D:13:     grunt_vaults_entry_tiered, guppyfry_shop_venom
D:14:     elyvilon_altar_3
D:15:     hangedman_depths_entry_civil_slaughter, minivault_11, enter_trove_6
Temple:   circular_temple_6
Lair:1:   statuecave_lemuel, portal_ice_cave_entry_ice_beasts
Lair:2:   st_stairs_5, patterned_corridor, serial_bayou_shore_b
Lair:3:   minmay_lair_oklob_tunnel, elwin_shoals_entry_rocks, basic_altar
Lair:4:   serial_bayou_shore_b
Lair:5:   spider_nest_entry_webs, beast_lair_carwin_8
Lair:6:   dragon1_lemuel, special_room, uniq_maud, uniq_snorg
Lair:7:   slime_dummy, serial_bayou_pond_d, lemuel_fruit_tree,
          grunt_megastairs_2
Lair:8:   minmay_lair_end_frog_pond, nicolae_quartered_pool_medium,
          lemuel_centaur_altar, infiniplex_staircase_pool, serial_bayou_shore_b
Shoals:1: abandoned_shop, hangedman_feature_mirror
Shoals:2: serial_shops, shop
Shoals:4: shoals_end_grunt_ice, shoals_ilsuiw_ice, serial_shops,
          nicolae_shop_behind_doors, uniq_nikola, uniq_ilsuiw
Spider:2: special_room, nicolae_spider_cling_halls, uniq_agnes, uniq_donald,
          uniq_norris
Spider:4: grunt_spider_rune_circles, spider_trap
Slime:3:  nicolae_slime_round_cave
Orc:1:    serial_shops, nicolae_shop_statue_plus, shop, shop_fountains,
          uniq_harold
Orc:3:    basic_altar, serial_shops, shop, nicolae_orc_pool_cavern,
          mines4_lemuel
Orc:4:    grunt_orc_cross, basic_altar
Elf:1:    minmay_elf_demonology, minivault_26
Elf:2:    serial_shops, shop, grunt_ministairs_15
Elf:3:    minmay_elf_hall, uniq_louise
Vaults:1: v_misc_13, nicolae_vaults_border_crossing,
          nicolae_vaults_little_squares_1, v_misc_13, grunt_vaults_twisty,
          hangedman_vaults_restitches, vaults_room_corners,
          ontoclasm_vaults_ring_square, nicolae_vaults_shelves_hall,
          vaults_dpeg_ring, serial_shops, nicolae_shop_overgrown_old_shop
Vaults:2: vaults_room_door_hall, nicolae_vaults_diagonal_hallway_9,
          minmay_crypt_entry_simple_box, nicolae_vaults_murderbox, v_misc_13,
          hangedman_vaults_unwind, nicolae_vaults_sealed_display,
          hangedman_vaults_stretched_pinwheel, vaults_mumra_chevron,
          nicolae_vaults_mini_display_case, hangedman_vaults_slice
Vaults:3: vaults_room_stairs_pillars, nicolae_vaults_hallways_thing,
          vaults_room_grid, v_rooms_6, grunt_vaults_focal,
          nicolae_vaults_little_ls, vaults_room_grid, vaults_room_octagon,
          nicolae_vaults_little_squares_2, vaults_room_fours,
          ontoclasm_vaults_loading_screen, serial_shops, shop
Vaults:4: v_misc_29, nicolae_vaults_twisting_passages, v_misc_31,
          hangedman_vaults_cutoff, vaults_standard_mumra_enter_the_diamond,
          vaults_mumra_hex, nicolae_vaults_little_squares_2, vaults_room_pool,
          vaults_room_fancy_cross, nicolae_vaults_theta, ontoclasm_vaults_pinch,
          uniq_saint_roka, uniq_sojobo
Crypt:2:  weyrava_vampire_temple
Crypt:3:  quadcrypt_mu, uniq_frederick
Depths:1: enter_ziggurat_d, serial_shops, shop,
          hangedman_abyss_or_decor_jellyfish_corner, hell_entry,
          kennysheep_doodads, statue_in_the_mist_lemuel,
          kennysheep_generic_room_14, serial_bayou_shore_b, firewood_loft
Depths:2: minmay_stepped, grunt_hell_entry_dis_grunt,
          serial_sigils_hangedman_scratch, hangedman_cracks_in_the_wall
Depths:3: minmay_cut_squares, hell_entry, serial_shops, bzr_in_the_mist, shop,
          rand_demon_pan_entry_1, uniq_boris, uniq_wiglaf
Depths:4: kennysheep_six_static_rooms, kennysheep_nub, abyss_entry, hell_entry,
          serial_bayou_shore_a, minmay_staircase_bubble, basic_stair_grate_trap
Depths:5: grunt_zot_entry_alcove, pf_coc_iceberg, okawaru_ov_weapons_minmay
Zot:3:    grunt_zot_stairs_faceoff, grunt_ministairs_11,
          hangedman_player_shredder, lemuel_elevator
Zot:4:    st_stairs_1, hangedman_zot_decor_unnerving_road, stair_cage_cross,
          grunt_ministairs_1

Action                   |  1- 3 |  4- 6 |  7- 9 | 10-12 | 13-15 | 16-18 | 19-21 | 22-24 | 25-27 || total
-------------------------+-------+-------+-------+-------+-------+-------+-------+-------+-------++-------
Melee: Unarmed           |   128 |   104 |   270 |   592 |  1251 |  1356 |  1060 |  1324 |  2503 ||  8588
 Cast: Beastly Appendage |    24 |       |       |       |       |       |       |       |       ||    24
       Sticks to Snakes  |     4 |     3 |     1 |    10 |     2 |       |       |       |       ||    20
       Spider Form       |     4 |    19 |    38 |    26 |     1 |       |       |       |       ||    88
       Ice Form          |       |       |       |    12 |       |       |       |       |       ||    12
       Hydra Form        |       |       |       |    10 |     5 |       |       |       |       ||    15
       Statue Form       |       |       |       |       |    61 |    80 |    93 |    45 |    90 ||   369
       Stoneskin         |       |       |       |       |    13 |    19 |    29 |    24 |    24 ||   109
       Blade Hands       |       |       |       |       |     2 |       |       |       |       ||     2
       Alistair's Intoxi |       |       |       |       |    10 |     1 |     1 |       |       ||    12
       Yara's Violent Un |       |       |       |       |     6 |       |     1 |       |       ||     7
       Irradiate         |       |       |       |       |     1 |     5 |     8 |     7 |     7 ||    28
       Regeneration      |       |       |       |       |       |       |    27 |    15 |    40 ||    82
       Phase Shift       |       |       |       |       |       |       |       |     5 |     3 ||     8
       Dragon Form       |       |       |       |       |       |       |       |       |     3 ||     3
Invok: Bend Time         |       |       |       |     2 |     1 |       |       |     3 |       ||     6
       Slouch            |       |       |       |     1 |       |    19 |     8 |     7 |     9 ||    44
       Temporal Distorti |       |       |       |     2 |     7 |    15 |    12 |    15 |    38 ||    89
 Abil: End Transformatio |       |       |     2 |     3 |     2 |       |     1 |     1 |     2 ||    11
Evoke: Wand              |       |       |       |       |       |     6 |       |       |    11 ||    17
  Use: Scroll            |     1 |    10 |     2 |    10 |    21 |    13 |    20 |     4 |    33 ||   114
       Potion            |       |     5 |       |       |     8 |     4 |     6 |     1 |    16 ||    40
 Stab: Sleeping          |       |     4 |     3 |     5 |    33 |    14 |    12 |    36 |    47 ||   154
       Distracted        |       |     1 |       |     3 |     3 |    10 |     7 |     9 |    26 ||    59
       Confused          |       |       |       |       |     4 |       |       |       |     1 ||     5
  Eat: Chunk             |     6 |     9 |    14 |    11 |    41 |    25 |    43 |    35 |    25 ||   209
       Fruit             |       |       |     4 |       |       |       |       |     1 |     8 ||    13
       Bread ration      |       |       |       |       |       |     6 |     1 |       |     9 ||    16
       Beef jerky        |       |       |       |       |       |     2 |       |       |     3 ||     5
       Pizza             |       |       |       |       |       |       |     1 |       |     2 ||     3
       Royal jelly       |       |       |       |       |       |       |     1 |       |       ||     1
       Meat ration       |       |       |       |       |       |       |       |     1 |     7 ||     8
